 Dungeon Crawl Stone Soup version 0.30-b1-2-g02819fbbbe (webtiles) character file.

Game seed: 17222577145044397470

1398 raph the Summoner (level 8, 0/57 HPs)
             Began as a Merfolk Summoner on Nov 22, 2023.
             Killed by divine providence
             ... invoked by an orc priest
              (13 damage)
             ... on level 6 of the Dungeon.
             The game lasted 00:11:25 (6939 turns).

raph the Summoner (Merfolk Summoner)                Turns: 6939, Time: 00:11:25

Health: 0/57       AC:  5    Str:  9    XL:     8   Next: 69%
Magic:  7/13       EV: 14    Int: 16    God:
Gold:   267        SH:  0    Dex: 14    Spells: 4/13 levels left

rFire   . . .        t - +0 rapier
rCold   . . .        (no shield)
rNeg    . . .        a - +0 robe
rPois   .            (no helmet)
rElec   .            f - +0 cloak
rCorr   +            A - +0 pair of gloves
SInv    .            s - +0 pair of boots
Will    .....        (no amulet)
Stlth   +++          k - ring of resist corrosion
HPRegen 0.29/turn    (no ring)
MPRegen 0.13/turn

%: no passive effects
@: no status effects
A: (nimble swimmer 2), mertail
a: no special abilities


You were on level 6 of the Dungeon.
You visited 1 branch of the dungeon, and saw 6 of its levels.

You collected 267 gold pieces.

Inventory:

Hand Weapons
 g - a +1 dagger
 t - a +0 rapier (weapon)
Missiles
 i - 3 throwing nets
 l - 2 boomerangs of dispersal
 w - 3 poisoned darts
Armour
 a - a +0 robe (worn)
 f - a +0 cloak (worn)
 s - a +0 pair of boots (worn)
 A - a +0 pair of gloves (worn)
Jewellery
 k - a ring of resist corrosion (left hand)
Wands
 j - a wand of iceblast (3)
 r - a wand of polymorph (14)
 z - a wand of light (7)
 B - a wand of mindburst (16)
Scrolls
 v - a scroll of teleportation
 y - a scroll of magic mapping
Potions
 b - 2 potions of magic
 c - 2 potions of berserk rage
 d - 2 potions of might
 e - 2 potions of flight
 h - 4 potions of curing
 m - 2 potions of mutation
 n - a potion of attraction
 o - 2 potions of invisibility
 p - a potion of lignification {unknown}
 q - a potion of degeneration
 u - a potion of cancellation {unknown}
 x - a potion of haste {unknown}
 C - a potion of heal wounds


   Skills:
 + Level 2.8 Fighting
 + Level 4.9 Dodging
 + Level 4.2 Stealth
 + Level 3.4 Spellcasting
 + Level 3.5 Hexes
 + Level 8.5 Summonings


You had 4 spell levels left.
You knew the following spells:

 Your Spells              Type           Power      Damage    Failure   Level
a - Summon Small Mammal   Summ           100%       N/A       1%          1
b - Call Imp              Summ           58%        N/A       1%          2
c - Call Canine Familiar  Summ           29%        N/A       1%          3
d - Summon Guardian Gole  Hex/Summ       22%        N/A       4%          3

Your spell library contained the following spells:

 Spells                   Type           Power      Damage    Failure   Level
 Inner Flame              Hex/Fire       8%         N/A       26%         3
 Summon Lightning Spire   Summ/Air       16%        N/A       30%         4
 Flame Wave               Conj/Fire      2%         2d4       87%         4
 Passage of Golubria      Tloc           2%         N/A       87%         4
 Sticky Flame             Conj/Fire      2%         2d3       87%         4
 Silence                  Hex/Air        4%         N/A       94%         5
 Lehudib's Crystal Spear  Conj/Erth      1%         10d2      100%        8


Dungeon Overview and Level Annotations

Branches:
Dungeon (6/15)
 Temple: D:4-7

Altars:
Elyvilon
Uskayaw

Annotations:
D:5 1 runed translucent door, krest9999's ghost, novice MfGl


Innate Abilities, Weirdness & Mutations

((You are very nimble when in or above water. (Stealth+, EV+, Speed+++)))
Your lower body shifts to a powerful aquatic tail in water.


Message History

Your cerulean imp hits the iguana from afar with a -2 spear.
The iguana bites you!
You hit the iguana but do no damage.
The iguana is heavily wounded.
Your hound bites the iguana.
Your cerulean imp hits the iguana but does no damage.
The iguana bites you!
Your hound closely misses the iguana.
Your bat hits the iguana but does no damage.
You hit the iguana but do no damage.
The iguana is severely wounded.
Your bat barely misses the iguana.
Your hound bites the iguana but does no damage.
Your cerulean imp hits the iguana but does no damage.
The iguana bites you.
Your hound bites the iguana but does no damage.
You catch the helpless iguana completely off-guard!
You puncture the iguana!
You kill the iguana!
Your bat hits the orc priest but does no damage.
The orc priest invokes the aid of Beogh against you.
Beogh smites you!
* * * LOW HITPOINT WARNING * * *
You hear a shout!
What are your orders? t - Shout!
Orders for allies: a - Attack new target. r - Retreat! s - Stop attacking. g - Guard the area. f - Follow me.
Anything else - Cancel.
Gang up on whom?
Press: ? - help, Dir - move target, f - orc priest
Aim: an orc priest, wielding a +0 falchion (ally target) Attack!
Your bat hits the orc priest but does no damage.
An adder comes into view.
An orc comes into view. It is wielding a +0 short sword.
Your cerulean imp hits the orc priest but does no damage.
The orc priest invokes the aid of Beogh against you.
Beogh smites you!
You die...

..... ...# #.. ...
...... #...##.. ...
...... .#......# ..###..
.(.... #.......##....#..
...... #.......#.......
#.... o...............
.#..... #.b.9......# #.#
....##.
#.oh...@.#####.## #.....
S...5...###..#..####.##.
..#............##~.###..
#..#.#.....#.......###
######...#.#...~~~.#..
#....###...~~....#
#...## #....~.....
#...## #.#...~.#..
#..... #.....~##..


You could see an orc priest (ally target), an adder (distracted), an orc, a
friendly guardian golem (summoned), a friendly hound (summoned, sheltered), a
friendly cerulean imp (summoned, sheltered) and a friendly bat (summoned,
sheltered).

Vanquished Creatures
  A scorpion (D:5)
  A hound (D:6)
  An orc priest (D:3)
  2 iguanas
  Ijyb (D:3)
  2 gnolls
  3 adders
  3 dart slugs
  2 orcs
  4 bats
  3 endoplasms
  2 giant cockroaches
  2 goblins
  A hobgoblin (D:3)
  2 jackals (D:4)
  2 kobolds
  A quokka (D:3)
  3 ball pythons
  A frilled lizard (D:1)
37 creatures vanquished.

Vanquished Creatures (collateral kills)
  Prince Ribbit (D:6)
  Grinder (D:3)
  A black bear (D:5)
  A phantom (D:4)
  2 bullfrogs (D:6)
  A hound (D:5)
  A sleepcap (D:5)
  Terence (D:2)
  2 iguanas (D:4)
  An orc wizard (D:6)
  4 gnolls
  5 adders
  A shadow imp (D:6)
  9 orcs
  4 ball pythons
  2 endoplasms
  A giant cockroach (D:4)
  2 goblins
  4 hobgoblins
  2 jackals (D:4)
  3 quokkas
  A bat (D:3)
  A frilled lizard (D:1)
  6 kobolds
  2 rats
59 creatures vanquished.

Vanquished Creatures (others)
  An ice beast (D:6)
  A jelly (D:5)
  2 gnolls (D:6)
4 creatures vanquished.

Grand Total: 100 creatures vanquished

Notes
Turn   | Place    | Note
-------+----------+-------------------------------------------
     0 | D:1      | raph the Merfolk Summoner began the quest for the Orb.
     0 | D:1      | Reached XP level 1. HP: 13/13 MP: 3/3
   180 | D:1      | Reached XP level 2. HP: 19/19 MP: 1/5
   457 | D:1      | Learned a level 2 spell: Call Imp
   590 | D:1      | Reached XP level 3. HP: 24/24 MP: 1/6
   598 | D:1      | Learned a level 3 spell: Call Canine Familiar
   929 | D:2      | Found a faded altar of an unknown god.
  1114 | D:2      | Reached skill level 5 in Summonings
  1162 | D:2      | Noticed Terence
  1179 | D:2      | Killed Terence
  1180 | D:2      | Reached XP level 4. HP: 24/30 MP: 2/7
  1902 | D:3      | Noticed Ijyb
  1909 | D:3      | Paralysed by Ijyb for 5 turns
  1924 | D:3      | Killed Ijyb
  1925 | D:3      | Reached XP level 5. HP: 30/35 MP: 2/8
  2015 | D:3      | Reached skill level 6 in Summonings
  2270 | D:3      | Noticed Grinder
  2318 | D:3      | Killed Grinder
  2319 | D:3      | Reached skill level 7 in Summonings
  2319 | D:3      | Reached XP level 6. HP: 34/41 MP: 2/9
  3102 | D:4      | Learned a level 3 spell: Summon Guardian Golem
  3462 | D:4      | Found a white marble altar of Elyvilon.
  3569 | D:4      | Reached skill level 1 in Hexes
  3569 | D:4      | Reached XP level 7. HP: 12/46 MP: 3/10
  4083 | D:5      | Entered Level 5 of the Dungeon
  4083 | D:5      | Noticed a +0 hand axe
  4083 | D:5      | Noticed a +0 dagger
  4083 | D:5      | Found a hide-covered altar of Uskayaw.
  4093 | D:5      | Reached skill level 8 in Summonings
  4214 | D:5      | Reached skill level 1 in Fighting
  5423 | D:5      | Found a runed translucent door.
  5453 | D:5      | Noticed krest9999's ghost (novice MfGl)
  5772 | D:6      | Noticed Prince Ribbit
  5782 | D:6      | Reached XP level 8. HP: 54/54 MP: 2/12
  6042 | D:6      | Killed Prince Ribbit
  6458 | D:6      | Noticed a troll
  6939 | D:6      | Killed from afar by an orc priest

Illustrated notes

Levels and vault maps discovered:
D:1:      minmay_arrival_four_loops, layout_basic
D:2:      layout_basic, nicolae_ecumenical_pavilion, uniq_terence
D:3:      layout_basic, uniq_ijyb, uniq_grinder
D:4:      layout_cave_pools, elyvilon_altar_1, grunt_decor_cap
D:5:      layout_basic, dancing_weapons_uskayaw, ebering_ghost_reflecting_pool,
          chequers_garden, kennysheep_doodads, minmay_fractal_squares_5
D:6:      layout_cave_pools, minmay_misc_feat_diagonals,
          chequers_serial_rivers_micro_c, uniq_prince_ribbit1

Skill      XL: |  1  2  3  4  5  6  7  8 |
---------------+-------------------------+-----
Dodging        | 3 4 |  4.9
Summonings     | 5 7 8 |  8.5
Hexes          | 1 2 3 |  3.5
Fighting       | 1 2 |  2.8
Stealth        | 3 4 |  4.2
Spellcasting   | 3 |  3.4

Action                     |  1- 3 |  4- 6 |  7- 9 || total
---------------------------+-------+-------+-------++-------
  Melee: Unarmed           |    29 |       |       ||    29
         Dagger            |    42 |   118 |    26 ||   186
         Punch             |       |     3 |     2 ||     5
         Rapier            |       |       |    72 ||    72
   Cast: Summon Small Mamm |    22 |    11 |    17 ||    50
         Call Imp          |     6 |    17 |    18 ||    41
         Call Canine Famil |       |     8 |    14 ||    22
         Summon Guardian G |       |     1 |    12 ||    13
    Use: Scroll            |       |    15 |     7 ||    22
         Potion            |       |     1 |       ||     1
   Stab: Sleeping          |     6 |     2 |       ||     8
         Distracted        |       |     3 |     4 ||     7
 Armour: Robe              |    24 |    18 |    27 ||    69
  Dodge: Dodged            |    64 |    73 |   110 ||   247
